AoeStats
← felipecmtz

Hill Fort

504115224Analyzed
4v4 RM · 29d ago on Sep 4, 2026· 49m 58s· 8 players
Game mode
Random Map
Map size
Large (8 player)
Population
200
Speed
Normal
Resources
Standard
Victory
Conquest
Starting age
Dark Age
Ending age
Imperial Age
RankedLock teamsTeams togetherTeam positionsShared explorationLock speedFull tech treeHidden civsTurbo modeCheats
Victory
Defeat
🇺🇸 Bohemians · United States
873
+14
🇺🇸 Teutons · United States
835
+16
🇲🇽 Khitans · Mexico
821
+17
🇲🇽 Saracens · Mexico
819
+17
🇧🇷 Hindustanis · Brazil
871
-18
🇨🇦 Celts · Canada
849
-17
🇭🇰 Saracens · Hong Kong SAR China
820
-15
🇫🇷 Britons · France
788
-14
felipecmtz
9:41 Feudal Age
11:53 Double-Bit Axe
16:13 Wheelbarrow
18:42 Castle Age
16:39 Domestication
18:50 Forging
19:27 Light Cavalry
20:45 Iron Casting
20:40 Hand Cart
21:23 Scale Barding Armor
21:47 Husbandry
22:17 Pastoralism
24:59 Bow Saw
33:32 Chain Barding Armor
39:18 Imperial Age
37:58 Stone Mining
38:26 Caravan
40:23 Ordo Cavalry
41:15 Transhumance
41:48 Two-Man Saw
40:42 Gold Mining
41:01 Hussar
42:21 Ballistics
43:07 Lamellar Armor
43:26 Conscription
43:50 Stone Shaft Mining
43:52 Plate Barding Armor
46:23 Coinage
46:05 Guilds
45:58 Scale Mail Armor
45:23 Pikeman
46:04 Squires
49:49 Chemistry
48:46 Murder Holes
49:04 Masonry
LordMiguelSg
3:51 Loom
14:00 Feudal Age
15:08 Double-Bit Axe
15:09 Horse Collar
20:09 Castle Age
21:16 Gold Mining
22:37 Bow Saw
23:46 Forging
24:37 Heavy Plow
27:44 Stone Mining
27:45 Fletching
34:55 Bloodlines
35:58 Wheelbarrow
38:11 Hand Cart
42:06 Imperial Age
39:54 Bodkin Arrow
40:07 Scale Barding Armor
42:29 Stone Shaft Mining
42:35 Padded Archer Armor
43:17 Conscription
43:47 Guard Tower
44:58 Chemistry
44:18 Ballistics
44:27 Siege Engineers
44:33 Siege Engineers
45:06 Keep
47:38 Heavy Scorpion
jwblsu
10:32 Feudal Age
16:02 Wheelbarrow
18:17 Castle Age
17:41 Horse Collar
17:49 Double-Bit Axe
20:16 Pikeman
28:01 Squires
29:33 Hand Cart
30:26 Chemistry
34:52 Imperial Age
33:00 Scale Mail Armor
33:11 Forging
33:14 Treadmill Crane
33:59 Ballistics
34:01 Chain Mail Armor
33:59 Bow Saw
33:54 Heavy Plow
34:52 Masonry
35:49 Iron Casting
35:14 Halberdier
38:28 Plate Mail Armor
38:59 Blast Furnace
38:44 Conscription
37:50 Elite Hussite Wagon
38:54 Ballistics
40:24 Houfnice
Lord Drache
2:47 Loom
14:44 Feudal Age
15:14 Horse Collar
15:22 Double-Bit Axe
15:34 Gold Mining
15:37 Stone Mining
19:52 Man-at-Arms
25:30 Castle Age
24:36 Bloodlines
27:20 Heavy Plow
27:32 Bow Saw
28:04 Gold Shaft Mining
30:06 Forging
30:11 Scale Mail Armor
30:19 Elite Skirmisher
31:41 Scale Barding Armor
31:28 Fletching
33:00 Bodkin Arrow
34:36 Husbandry
35:00 Ballistics
34:36 Murder Holes
34:25 Treadmill Crane
35:32 Wheelbarrow
37:42 Bodkin Arrow
38:26 Iron Casting
38:17 Masonry
39:20 Town Watch
43:58 Imperial Age
42:38 Hand Cart
42:24 Town Patrol
45:15 Conscription
45:32 Hoardings
45:47 Elite Mameluke
50:00 Chemistry
50:02 Blast Furnace
49:03 Bracer
49:05 Padded Archer Armor
Seventh L3tter
0:31 Loom
12:09 Feudal Age
12:55 Double-Bit Axe
19:24 Castle Age
20:25 Bow Saw
25:04 Scale Mail Armor
26:36 Arson
26:40 Gambesons
27:16 Chain Mail Armor
28:47 Arson
31:12 Forging
33:11 Iron Casting
35:18 Stronghold
36:02 Murder Holes
43:17 Imperial Age
41:28 Horse Collar
43:35 Wheelbarrow
42:46 Town Watch
43:40 Gold Mining
44:34 Hand Cart
48:42 Blast Furnace
48:13 Plate Mail Armor
BBC Enjoyer
5:19 Loom
10:47 Feudal Age
21:02 Castle Age
21:20 Fletching
21:31 Padded Archer Armor
22:13 Crossbowman
25:31 Bodkin Arrow
26:42 Horse Collar
26:52 Double-Bit Axe
30:40 Leather Archer Armor
35:26 Bow Saw
37:04 Gold Mining
37:07 Stone Mining
38:51 Ballistics
42:08 Imperial Age
40:15 Wheelbarrow
39:26 Town Watch
42:13 Hand Cart
42:09 Arbalester
42:54 Bracer
43:24 Ring Archer Armor
44:01 Chemistry
43:07 Siege Engineers
43:42 Yeomen
43:43 Conscription
鬼祟君_HK
12:04 Feudal Age
11:18 Loom
13:46 Wheelbarrow
13:06 Double-Bit Axe
13:59 Town Watch
14:36 Horse Collar
14:52 Gold Mining
14:54 Stone Mining
22:52 Castle Age
20:47 Fletching
21:50 Scale Barding Armor
21:57 Forging
23:52 Hand Cart
24:25 Heavy Plow
25:11 Bow Saw
26:02 Chain Barding Armor
25:38 Bodkin Arrow
33:59 Gold Shaft Mining
38:45 Pikeman
41:03 Arson
41:18 Squires
41:04 Gambesons
51:27 Imperial Age
Pilgrim
7:06 Loom
12:17 Feudal Age
13:45 Double-Bit Axe
16:52 Horse Collar
21:51 Wheelbarrow
25:35 Castle Age
24:52 Gold Mining
24:52 Stone Mining
29:03 Husbandry
33:27 Heavy Plow
33:40 Bow Saw
35:01 Hand Cart
41:36 Imperial Age
41:29 Caravan
42:09 Forging
42:04 Scale Barding Armor
41:52 Fletching
43:45 Iron Casting
44:24 Heavy Camel Rider
45:18 Bloodlines
45:31 Chain Barding Armor
Connection lost

Rejoining the realm…

Still unreachable

The connection could not be restored.

Session expired

The server has moved on; the page needs a fresh start.